WIN
SEATTLE (WIN) MARINERS @ SAN DIEGO (WIN) PADRES
12/04/2047
 
TOP OF THE 1ST
Seattle (WIN) Mariners batting - Pitching for San Diego (WIN) Padres : LHP Luis Sanchez
Pitching: LHP Luis Sanchez
Batting: RHB Brad Robidas 0-0: Bunt missed!
0-1: Reached on error, E6 (Groundball, 6, EV 98.8 MPH)
Batting: RHB Enrique Valdez 0-0: Called Strike
0-1: Ball
1-1: Ball
2-1: Called Strike
2-2: Strikes out looking
Batting: RHB Julian Gregory 0-0: Called Strike
0-1: Ball
1-1: Ball
2-1: Called Strike
2-2: Ground out 4-3 (Groundball, 4, EV 92.5 MPH)
Brad Robidas to third
Batting: RHB Adan Lake 0-0: Ball
1-0: SINGLE (Line Drive, 78S, EV 92.5 MPH)
Brad Robidas scores
Batting: SHB Ray Skogen 0-0: Fly out, F8 (Flyball, 78M, EV 90.6 MPH)
Top of the 1st over - 1 run, 1 hit, 1 error, 1 left on base; Seattle (WIN) 1 - San Diego (WIN) 0
BOTTOM OF THE 1ST
San Diego (WIN) Padres batting - Pitching for Seattle (WIN) Mariners : RHP Frank Kats
Pitching: RHP Frank Kats
Batting: LHB Sammy Roddenberry 0-0: Called Strike
0-1: Ball
1-1: Bunt for hit to 5S - play at first, batter safe!
Batting: RHB Mike Maserang 0-0: Ball
Sammy Roddenberry steals 2nd base (no throw)
1-0: Ball
Sammy Roddenberry steals 3rd base
2-0: Swinging Strike
2-1: Swinging Strike
2-2: Ground out 6-3 (Groundball, 6, EV 108.8 MPH)
Sammy Roddenberry scores
Batting: LHB Ryan Flynn Jr. 0-0: Foul Ball, location: 2F
0-1: Foul Ball, location: 2F
0-2: SINGLE (Line Drive, 7S, EV 104.4 MPH)
Batting: SHB Adam Martin 0-0: Ball
Ryan Flynn Jr. is caught stealing 2nd base 2-6
1-0: Fly out, F7 (Flyball, 78S, EV 86.9 MPH)
Bottom of the 1st over - 1 run, 2 hits, 0 errors, 0 left on base; Seattle (WIN) 1 - San Diego (WIN) 1
TOP OF THE 2ND
Seattle (WIN) Mariners batting - Pitching for San Diego (WIN) Padres : LHP Luis Sanchez
Batting: RHB Ryan Criollo 0-0: Called Strike
0-1: Ball
1-1: Ball
2-1: Foul Ball, location: 2F
2-2: SINGLE (Line Drive, 9S, EV 89.4 MPH)
Batting: LHB Jason Kinney 0-0: Called Strike
0-1: Called Strike
0-2: Strikes out swinging
Batting: RHB Doug Carter 0-0: Called Strike
0-1: Foul Ball, location: 2F
0-2: Fielders Choice at 2nd, 2-6 (Groundball, 2R, EV 70.6 MPH)
Batting: LHB Brent Dutcher 0-0: Ball
1-0: Foul Ball, location: 2F
1-1: Fly out, F8 (Flyball, 8RD, EV 91.9 MPH)
Top of the 2nd over - 0 runs, 1 hit, 0 errors, 1 left on base; Seattle (WIN) 1 - San Diego (WIN) 1
BOTTOM OF THE 2ND
San Diego (WIN) Padres batting - Pitching for Seattle (WIN) Mariners : RHP Frank Kats
Batting: LHB Angel Mejia 0-0: Ground out 4-3 (Groundball, 34D, EV 90.6 MPH)
Batting: RHB Wally Cangro 0-0: Ball
1-0: Ground out 5-3 (Groundball, 5, EV 101.2 MPH)
Batting: RHB Brian DeVoe 0-0: Ball
1-0: TRIPLE (Line Drive, 89XD, EV 97.5 MPH)
Batting: RHB Joe Weissman 0-0: DOUBLE (Flyball, 8LXD, EV 110.0 MPH)
Brian DeVoe scores
Batting: LHB Josh Slusarczyk 0-0: Fly out, F7 (Flyball, 7D, EV 103.8 MPH)
Bottom of the 2nd over - 1 run, 2 hits, 0 errors, 1 left on base; Seattle (WIN) 1 - San Diego (WIN) 2
TOP OF THE 3RD
Seattle (WIN) Mariners batting - Pitching for San Diego (WIN) Padres : LHP Luis Sanchez
Batting: RHB Brad Robidas 0-0: Fly out, F9 (Flyball, 89XD, EV 105.6 MPH)
Batting: RHB Enrique Valdez 0-0: Called Strike
0-1: Ball
1-1: Ball
2-1: Foul Ball, location: 2F
2-2: Fly out, F3 (Popup, 3SF, EV 75.6 MPH)
Batting: RHB Julian Gregory 0-0: SOLO HOME RUN (Flyball, 7LD, EV 95.6 MPH), Distance : 341 ft
Batting: RHB Adan Lake 0-0: Ball
1-0: Foul Ball, location: 2F
1-1: Ball
2-1: Ground out 5-3 (Groundball, 56S, EV 65.6 MPH)
Top of the 3rd over - 1 run, 1 hit, 0 errors, 0 left on base; Seattle (WIN) 2 - San Diego (WIN) 2
BOTTOM OF THE 3RD
San Diego (WIN) Padres batting - Pitching for Seattle (WIN) Mariners : RHP Frank Kats
Batting: LHB Sammy Roddenberry 0-0: Swinging Strike
0-1: Ball
1-1: Called Strike
1-2: Strikes out swinging
Batting: RHB Mike Maserang 0-0: Called Strike
0-1: Ground out 4-3 (Groundball, 4, EV 101.9 MPH)
Batting: LHB Ryan Flynn Jr. 0-0: Called Strike
0-1: Ball
1-1: SINGLE (Line Drive, 9LS, EV 87.5 MPH)
Batting: SHB Adam Martin 0-0: Ball
1-0: Foul Ball, location: 2F
1-1: Foul Ball, location: 2F
1-2: Strikes out swinging
Bottom of the 3rd over - 0 runs, 1 hit, 0 errors, 1 left on base; Seattle (WIN) 2 - San Diego (WIN) 2
TOP OF THE 4TH
Seattle (WIN) Mariners batting - Pitching for San Diego (WIN) Padres : LHP Luis Sanchez
Batting: SHB Ray Skogen 0-0: Ball
1-0: Called Strike
1-1: Called Strike
1-2: Foul Ball, location: 2F
1-2: Ball
2-2: Foul Ball, location: 2F
2-2: SINGLE (Line Drive, 8LS, EV 104.4 MPH)
Batting: RHB Ryan Criollo 0-0: Called Strike
0-1: Called Strike
0-2: Strikes out swinging
Batting: LHB Jason Kinney 0-0: Called Strike
0-1: Ball
1-1: Ball
2-1: Foul Ball, location: 2F
2-2: Fly out, F9 (Flyball, 9D, EV 93.1 MPH)
Batting: RHB Doug Carter 0-0: Ball
1-0: Foul Ball, location: 2F
1-1: Swinging Strike
1-2: Ball
2-2: Foul Ball, location: 2F
2-2: SINGLE (Groundball, 13, EV 85.0 MPH) (infield hit)
Ray Skogen to second
Batting: LHB Brent Dutcher 0-0: Called Strike
0-1: Ball
1-1: Foul Ball, location: 2F
1-2: Strikes out swinging
Top of the 4th over - 0 runs, 2 hits, 0 errors, 2 left on base; Seattle (WIN) 2 - San Diego (WIN) 2
BOTTOM OF THE 4TH
San Diego (WIN) Padres batting - Pitching for Seattle (WIN) Mariners : RHP Frank Kats
Batting: LHB Angel Mejia 0-0: Called Strike
0-1: Ball
1-1: SINGLE (Line Drive, 7S, EV 105.0 MPH)
Batting: RHB Wally Cangro 0-0: Ball
Angel Mejia steals 2nd base
1-0: Called Strike
1-1: Ball
2-1: Ball
3-1: Base on Balls
Batting: RHB Brian DeVoe 0-0: Called Strike
0-1: Swinging Strike
0-2: Strikes out swinging
Batting: RHB Joe Weissman 0-0: Ball
1-0: Called Strike
1-1: Ball
2-1: Swinging Strike
2-2: Strikes out swinging
Batting: LHB Josh Slusarczyk 0-0: Ground out U3 (Groundball, 3, EV 86.9 MPH)
Bottom of the 4th over - 0 runs, 1 hit, 0 errors, 2 left on base; Seattle (WIN) 2 - San Diego (WIN) 2
TOP OF THE 5TH
Seattle (WIN) Mariners batting - Pitching for San Diego (WIN) Padres : LHP Luis Sanchez
Batting: RHB Brad Robidas 0-0: Ball
1-0: Swinging Strike
1-1: Ball
2-1: Ball
3-1: Base on Balls
Batting: RHB Enrique Valdez 0-0: Fly out, F8 (Flyball, 8RXD, EV 90.6 MPH)
Batting: RHB Julian Gregory 0-0: Ball
1-0: Called Strike
1-1: Swinging Strike
1-2: Ball
2-2: Foul Ball, location: 2F
2-2: SINGLE (Line Drive, 34, EV 101.2 MPH)
Brad Robidas to second
Batting: RHB Adan Lake 0-0: Ball
1-0: Ball
2-0: Foul Ball, location: 2F
2-1: Fly out, F9 (Line Drive, 89M, EV 103.8 MPH)
Batting: SHB Ray Skogen 0-0: Foul Ball, location: 2F
0-1: Ball
1-1: Foul Ball, location: 2F
1-2: Strikes out swinging
Top of the 5th over - 0 runs, 1 hit, 0 errors, 2 left on base; Seattle (WIN) 2 - San Diego (WIN) 2
BOTTOM OF THE 5TH
San Diego (WIN) Padres batting - Pitching for Seattle (WIN) Mariners : RHP Frank Kats
Batting: LHB Sammy Roddenberry 0-0: Called Strike
0-1: Ground out 6-3 (Groundball, 6, EV 81.9 MPH)
Batting: RHB Mike Maserang 0-0: Hit by Pitch
Batting: LHB Ryan Flynn Jr. 0-0: Fly out, F8 (Flyball, 8LXD, EV 101.2 MPH)
Batting: SHB Adam Martin 0-0: Called Strike
0-1: Ball
1-1: Called Strike
Mike Maserang is caught stealing 2nd base 2-6
Bottom of the 5th over - 0 runs, 0 hits, 0 errors, 0 left on base; Seattle (WIN) 2 - San Diego (WIN) 2
TOP OF THE 6TH
Seattle (WIN) Mariners batting - Pitching for San Diego (WIN) Padres : LHP Luis Sanchez
Batting: RHB Ryan Criollo 0-0: Ball
1-0: Fly out, F9 (Flyball, 9D, EV 102.5 MPH)
Batting: LHB Jason Kinney 0-0: Called Strike
0-1: Swinging Strike
0-2: Strikes out looking
Batting: RHB Doug Carter 0-0: Ball
1-0: Swinging Strike
1-1: Foul Ball, location: 2F
1-2: Foul Ball, location: 2F
1-2: Ball
2-2: DOUBLE (Groundball, 3L, EV 104.4 MPH)
Batting: LHB Brent Dutcher 0-0: Ball
1-0: Ball
2-0: Ground out 6-3 (Groundball, 6S, EV 90.6 MPH)
Top of the 6th over - 0 runs, 1 hit, 0 errors, 1 left on base; Seattle (WIN) 2 - San Diego (WIN) 2
BOTTOM OF THE 6TH
San Diego (WIN) Padres batting - Pitching for Seattle (WIN) Mariners : RHP Frank Kats
Batting: SHB Adam Martin 0-0: Ground out 2-3 (Groundball, 2R, EV 65.0 MPH)
Batting: LHB Angel Mejia 0-0: Called Strike
0-1: Ball
1-1: Foul Ball, location: 2F
1-2: Ball
2-2: Ball
3-2: Base on Balls
Batting: RHB Wally Cangro 0-0: Called Strike
0-1: Ball
1-1: Ball
2-1: Ball
3-1: Base on Balls
Angel Mejia to second
Batting: RHB Brian DeVoe 0-0: Ball
1-0: Ball
Angel Mejia steals 3rd base
Wally Cangro to second
2-0: Swinging Strike
2-1: SINGLE (Groundball, 5, EV 107.5 MPH) (infield hit)
Angel Mejia scores
Wally Cangro to third
Batting: RHB Joe Weissman 0-0: Swinging Strike
0-1: Ball
1-1: Ball
2-1: Ball
3-1: Called Strike
3-2: Base on Balls
Brian DeVoe to second
Batting: LHB Josh Slusarczyk 0-0: Ball
1-0: Called Strike
1-1: Swinging Strike
1-2: Foul Ball, location: 2F
1-2: Strikes out swinging
Batting: LHB Sammy Roddenberry 0-0: Called Strike
0-1: Called Strike
0-2: Fielders Choice at 2nd, 6-4 (Groundball, 6, EV 86.2 MPH)
Bottom of the 6th over - 1 run, 1 hit, 0 errors, 3 left on base; Seattle (WIN) 2 - San Diego (WIN) 3
TOP OF THE 7TH
Seattle (WIN) Mariners batting - Pitching for San Diego (WIN) Padres : LHP Luis Sanchez
Batting: RHB Brad Robidas 0-0: Ball
1-0: Foul Ball, location: 2F
1-1: Ground out 4-3 (Groundball, 4, EV 103.8 MPH)
Batting: RHB Enrique Valdez 0-0: Ground out 4-3 (Groundball, 4M, EV 85.0 MPH)
Batting: RHB Julian Gregory 0-0: Foul Ball, location: 2F
0-1: Ball
1-1: Swinging Strike
1-2: Ball
2-2: SINGLE (Groundball, 4MD, EV 103.1 MPH)
Pitching: RHP Colin Dorsey
Batting: RHB Adan Lake 0-0: Called Strike
Julian Gregory steals 2nd base
0-1: Fly out, F7 (Flyball, 7D, EV 96.2 MPH)
Top of the 7th over - 0 runs, 1 hit, 0 errors, 1 left on base; Seattle (WIN) 2 - San Diego (WIN) 3
BOTTOM OF THE 7TH
San Diego (WIN) Padres batting - Pitching for Seattle (WIN) Mariners : RHP Frank Kats
Batting: RHB Mike Maserang 0-0: Ball
1-0: Ball
2-0: Called Strike
2-1: Ball
3-1: Foul Ball, location: 2F
3-2: SINGLE (Flyball, 56D, EV 90.0 MPH)
Pitching: RHP Sid Lampone
Batting: LHB Ryan Flynn Jr. 0-0: Ball
1-0: Ball
2-0: Ball
3-0: Base on Balls
Mike Maserang to second
Batting: SHB Adam Martin 0-0: SINGLE (Groundball, 25, EV 68.8 MPH) (infield hit)
Mike Maserang to third
Ryan Flynn Jr. to second
Batting: LHB Angel Mejia 0-0: Foul Ball, location: 2F
0-1: Called Strike
0-2: Grounds into fielders choice 4-2 (Groundball, 4, EV 91.9 MPH)
Ryan Flynn Jr. to third
Adam Martin to second
Batting: RHB Wally Cangro 0-0: Ball
1-0: Swinging Strike
1-1: Ball
2-1: SINGLE (Groundball, 56, EV 98.8 MPH)
Ryan Flynn Jr. scores
Adam Martin to third
Angel Mejia to second
Runner from 3rd tries for Home, SAFE, throw by LF to home
Batting: RHB Brian DeVoe 0-0: Called Strike
Angel Mejia steals 3rd base
Wally Cangro to second
0-1: Swinging Strike
0-2: Ball
1-2: Ball
2-2: Foul Ball, location: 2F
2-2: Strikes out swinging
Batting: RHB Joe Weissman 0-0: Ball
1-0: Ball
2-0: DOUBLE (Flyball, 8LXD, EV 111.2 MPH)
Angel Mejia scores
Wally Cangro scores
Pitching: RHP Adam Fair
Batting: LHB Josh Slusarczyk 0-0: Called Strike
0-1: Foul Ball, location: 2F
0-2: Ball
1-2: Strikes out swinging
Bottom of the 7th over - 4 runs, 4 hits, 0 errors, 1 left on base; Seattle (WIN) 2 - San Diego (WIN) 7
TOP OF THE 8TH
Seattle (WIN) Mariners batting - Pitching for San Diego (WIN) Padres : RHP Colin Dorsey
Batting: SHB Ray Skogen 0-0: Called Strike
0-1: Swinging Strike
0-2: Fly out, F7 (Flyball, 7D, EV 106.9 MPH)
Batting: RHB Ryan Criollo 0-0: Ball
1-0: Ball
2-0: Ball
3-0: Called Strike
3-1: Called Strike
3-2: Foul Ball, location: 2F
3-2: Foul Ball, location: 2F
3-2: Fly out, F7 (Line Drive, 7LS, EV 98.1 MPH)
Batting: LHB Jason Kinney 0-0: Ball
1-0: Foul Ball, location: 2F
1-1: Foul Ball, location: 2F
1-2: Ball
2-2: Foul Ball, location: 2F
2-2: Strikes out looking
Top of the 8th over - 0 runs, 0 hits, 0 errors, 0 left on base; Seattle (WIN) 2 - San Diego (WIN) 7
BOTTOM OF THE 8TH
San Diego (WIN) Padres batting - Pitching for Seattle (WIN) Mariners : RHP Adam Fair
Batting: LHB Sammy Roddenberry 0-0: Called Strike
0-1: Called Strike
0-2: Strikes out looking
Batting: RHB Mike Maserang 0-0: Ball
1-0: Called Strike
1-1: Ball
2-1: Ball
3-1: Base on Balls
Batting: LHB Ryan Flynn Jr. 0-0: Grounds into double play, 4-6-3 (Groundball, 4, EV 108.1 MPH)
Bottom of the 8th over - 0 runs, 0 hits, 0 errors, 0 left on base; Seattle (WIN) 2 - San Diego (WIN) 7
TOP OF THE 9TH
Seattle (WIN) Mariners batting - Pitching for San Diego (WIN) Padres : RHP Colin Dorsey
Batting: RHB Doug Carter 0-0: Foul Ball, location: 2F
0-1: Swinging Strike
0-2: Strikes out swinging
Batting: LHB Brent Dutcher 0-0: Swinging Strike
0-1: Foul Ball, location: 2F
0-2: Ball
1-2: Strikes out swinging
Batting: RHB Brad Robidas 0-0: Ball
1-0: Called Strike
1-1: Ground out 6-3 (Groundball, 56, EV 107.5 MPH)
Top of the 9th over - 0 runs, 0 hits, 0 errors, 0 left on base; Seattle (WIN) 2 - San Diego (WIN) 7
Thursday, December 15th , 2022 - OOTP Baseball 23.9 Build 102